 Dungeon Crawl Stone Soup version 0.24-a0-582-g4d4af813a0 (webtiles) character file.

Game seed: 10674166840625387872

5 Esekla the Skirmisher (level 1, 0/16 HPs)
             Began as an Octopode Abyssal Knight on Aug 27, 2019.
             Was a Follower of Lugonu.
             Slain by a ynoxinul (4 damage)
             ... on level 1 of the Dungeon.
             The game lasted 00:01:36 (71 turns).

Esekla the Skirmisher (Octopode Abyssal Knight)       Turns: 71, Time: 00:01:37

Health: 0/16       AC:  1    Str: 11    XL:     1   Next: 80%
Magic:  2/2        EV: 13    Int: 14    God:    Lugonu [*.....]
Gold:   13         SH:  0    Dex: 11    Spells: 0/0 levels left

rFire    . . .     SeeInvis .   a - +2 falchion
rCold    . . .     Gourm    .   (no shield)
rNeg     . . .     Faith    .   (helmet restricted)
rPois    .         Spirit   .   (no amulet)
rElec    .         Reflect  .   (no ring)
rCorr    .         Harm     .   (no ring)
MR       .....                  (no ring)
Stlth    ++........             (no ring)
HPRegen  0.05/turn              (no ring)
MPRegen  0.08/turn              (no ring)
                                (no ring)
                                (no ring)

@: no status effects
A: almost no armour, stealthy swim, amphibious, 8 rings, constrict 8, camouflage
1, gelatinous body 1
a: Depart the Abyss, Renounce Religion


You were on level 1 of the Dungeon.
You worshipped Lugonu.
Lugonu was aware of your devotion.
You were not hungry.

You visited 1 branch of the dungeon, and saw 1 of its levels.
You visited the Abyss 1 time.

You collected 13 gold pieces.

Inventory:

Hand Weapons
 a - a +2 falchion (weapon)
Comestibles
 b - a ration


   Skills:
 + Level 3.1 Fighting
 * Level 2.1 Long Blades
 * Level 2.5 Dodging
 + Level 2.0 Invocations


You couldn't memorise any spells.
You didn't know any spells.
Your spell library was empty.

Dungeon Overview and Level Annotations

Branches:
Dungeon (1/15)

Altars:


Innate Abilities, Weirdness & Mutations

You cannot wear most types of armour.
You are very stealthy in the water. (Stealth+)
You are amphibious.
You can wear up to eight rings at the same time.
You can use your tentacles to constrict eight enemies at once.
Your skin changes colour to match your surroundings (Stealth+).
Your rubbery body absorbs attacks. (AC +1, EV +1)


Message History

The ynoxinul gestures.
You lose your grip on the ufetubus.
You pass through the gate.
The ufetubus disappears in a puff of smoke! x5
There is a staircase leading out of the dungeon here.
You aren't carrying any potions.
As you read the scroll labeled HIEDYU TUELU, it crumbles to dust.
It is a scroll of enchant weapon.
Your +1 falchion glows red for a moment.
The ynoxinul hits you.
* * * LOW HITPOINT WARNING * * *
You barely miss the ynoxinul. Your grab misses the ynoxinul.
You squeeze the ynoxinul.
The ynoxinul is lightly wounded.
The ynoxinul misses you.
You riposte.
You closely miss the ynoxinul. You grab the ynoxinul.
The ynoxinul is lightly wounded.
You hit the ynoxinul.
The ynoxinul is lightly wounded.
You constrict the ynoxinul. The ynoxinul hits you.
You die...

####+####
##PP#.#PP##
##P..#.#≈≈P##
##P.P.#.#≈≈≈P##
#P....#.#≈≈≈≈P#
#P....#.#≈≈≈≈P#
#######3#######
+......@......+
#######.#######
#P≈≈≈≈#.#....P#
#P≈≈≈≈#.#..P.P#
##P≈≈≈#.#.P.P##
##P≈≈#.#P.P##
##PP#.#PP##
####+####


You could see a ynoxinul.

Vanquished Creatures
  An ufetubus (Abyss:2)
1 creature vanquished.

Notes
Turn   | Place    | Note
-------+----------+-------------------------------------------
     0 | Abyss:1  | Esekla the Octopode Abyssal Knight began the quest for the
                  | Orb.
     0 | Abyss:1  | Reached XP level 1. HP: 16/16 MP: 2/2
    11 | Abyss:2  | Found a corrupted altar of Lugonu.
    25 | Abyss:2  | Noticed a human
    25 | Abyss:2  | a shapeshifter changed into a human
    64 | Abyss:2  | Noticed a ynoxinul
    68 | D:1      | Escaped the Abyss
    71 | D:1      | Slain by a ynoxinul

Levels and vault maps discovered:
D:1:      psy_arrival_terrarium, layout_basic

Action                   || total
-------------------------++-------
Melee: Constrict         ||     3
       Falchion          ||     2
       Tentacles         ||     2
  Use: Scroll            ||     1
Dodge: Dodged            ||     5
       Rpst.: Falchion   ||     3

Table legend:
 A = Non-vault XP
 B = Vault XP
 C = Vault XP percentage of total XP
 D = Non-vault monster count
 E = Vault monster count
 F = Vault count percentage of total count
                 A         B        C        D         E       F
            +---------+---------+-------+---------+---------+-------
      Total |       8 |       0 |   0.0 |       1 |       0 |   0.0
            +---------+---------+-------+---------+---------+-------
    Abyss:2 |       8 |       0 |   0.0 |       1 |       0 |   0.0
            +---------+---------+-------+---------+---------+-------
